Map: Acropolis LE

Players

GOReynor (Reynor) - Winner!

  • Race: Zerg Zerg
  • League: Master
  • Spawn Location: 11:00

Harstem

  • Race: Protoss Protoss
  • League: Grandmaster
  • Spawn Location: 5:00

Event: HomeStory Cup XX

VOD

Have the link to the VOD?

Description

Time

  • Played on: Nov. 21, 2019, 12:54 p.m.
  • Length: 13:18

All games in this series

Show
View Real Time Build Order
Export as new Build Order

GOReynor Zerg - Winner!

Build Orders: Hatch First, Brood Lord Corruptor, Muta Ling Bane 

Get SALT Encoding   

  12  0:00  Drone  
  13  0:12  Overlord  
  13  0:17  Drone  
  14  0:31  Drone x2  
  16  0:47  Hatchery  
  15  0:52  Drone  
  15  0:56  Drone  
  17  0:59  Drone  
  18  1:10  Extractor  
  17  1:15  Spawning Pool  
  17  1:17  Drone  
  17  1:20  Drone  
  18  1:28  Drone  
  19  1:39  Drone  
  20  1:49  Overlord  
  20  2:00  Drone x2  
  20  2:01  Queen x2  
  26  2:10  Drone  
  26  2:11  Drone  
  28  2:16  Metabolic Boost  
  28  2:21  Drone  
  28  2:22  Drone  
  30  2:33  Hatchery  
  30  2:35  Zergling x2  
  30  2:37  Drone  
  30  2:42  Drone  
  32  2:46  Overlord  
  32  2:52  Queen  
  32  2:53  Zergling x2  
  32  2:55  Zergling x2  
  37  3:05  Drone x2  
  37  3:08  Overlord  
  37  3:09  Drone x2  
  37  3:10  Drone  
  41  3:16  Overlord  
  41  3:19  Zergling x2  
  42  3:20  Drone x2  
  44  3:27  Queen  
  44  3:31  Zergling x2  
  44  3:33  Overlord  
  47  3:40  Drone x2  
  49  3:44  Zergling x2, Drone  
  49  3:45  Drone  
  49  3:48  Overlord  
  52  3:50  Spore Crawler  
  52  3:55  Drone x2  
  53  3:56  Roach Warren  
  53  3:58  Zergling x2  
  53  4:01  Overlord  
  53  4:04  Spore Crawler  
  53  4:06  Lair  
  53  4:09  Drone  
  53  4:13  Drone x3  
  56  4:19  Extractor, Drone  
  56  4:20  Extractor  
  56  4:22  Overlord  
  55  4:31  Drone x2  
  57  4:33  Drone x2  
  57  4:36  Roach x3  
  65  4:38  Drone  
  65  4:40  Spore Crawler  
  67  4:48  Drone x3  
  74  4:54  Drone  
  74  4:56  Drone  
  74  4:58  Overlord  
  74  4:59  Drone x4  
  75  5:03  Queen  
  75  5:05  Drone  
  78  5:09  Overlord  
  78  5:12  Drone x2  
  78  5:14  Overseer  
  78  5:16  Drone x2  
  78  5:19  Drone  
  74  5:22  Drone x2  
  74  5:27  Drone x2  
  74  5:28  Drone x4  
  80  5:32  Evolution Chamber  
  80  5:33  Extractor  
  78  5:39  Spire  
  78  5:40  Drone x3  
  78  5:42  Drone  
  76  5:43  Drone  
  76  5:45  Drone  
  76  5:46  Drone  
  76  5:48  Drone  
  80  5:53  Overlord  
  80  5:54  Drone x3  
  83  5:57  Extractor  
  83  5:58  Drone x2  
  83  5:59  Extractor  
  83  6:01  Zerg Melee Weapons Level 1  
  83  6:03  Drone  
  83  6:04  Drone  
  85  6:08  Drone x2, Baneling Nest  
  86  6:14  Zergling x6  
  86  6:16  Overseer  
  89  6:24  Hatchery  
  88  6:26  Zergling x12  
  88  6:28  Zergling x6  
  97  6:33  Overlord  
  97  6:38  Roach x2  
  97  6:39  Glial Reconstitution  
  101  6:45  Overlord  
  101  6:51  Mutalisk x6  
  112  6:57  Zerg Flyer Weapons Level 1  
  112  6:59  Drone x4  
  116  7:03  Drone  
  117  7:08  Overlord  
  117  7:09  Centrifical Hooks  
  117  7:11  Drone x2  
  119  7:19  Roach x3  
  119  7:21  Roach  
  119  7:22  Roach  
  128  7:23  Overlord  
  128  7:29  Zergling x8  
  132  7:31  Drone x3  
  132  7:33  Infestation Pit  
  132  7:34  Zergling x2, Roach  
  137  7:39  Zergling x2  
  137  7:46  Zergling x8  
  141  7:55  Baneling x10  
  141  7:56  Baneling x2  
  141  7:57  Zergling x18  
  150  8:01  Zergling x2  
  151  8:06  Zerg Melee Weapons Level 2, Overlord  
  151  8:11  Baneling x11  
  149  8:19  Zergling x4  
  151  8:20  Hive  
  151  8:21  Overlord  
  151  8:23  Overlord  
  151  8:26  Baneling x7  
  149  8:28  Zergling x20  
  149  8:30  Overlord  
  159  8:40  Baneling x9  
  159  8:42  Zergling x2  
  159  8:43  Zergling x12  
  159  8:47  Roach x2  
  159  8:48  Zergling x6, Roach  
  175  8:53  Zergling x2  
  160  8:56  Zergling x2, Roach x2  
  160  8:57  Zergling x4  
  160  9:00  Roach  
  161  9:06  Roach  
  161  9:08  Zergling x2, Roach  
  160  9:11  Roach  
  160  9:13  Zergling x4  
  160  9:14  Zergling x2  
  160  9:16  Roach x2  
  153  9:20  Zergling x8  
  148  9:26  Baneling  
  148  9:27  Baneling x13  
  148  9:28  Hatchery, Ravager x2  
  148  9:29  Zergling x10  
  154  9:33  Zergling x4  
  154  9:37  Greater Spire  
  156  9:39  Extractor  
  136  9:53  Zergling x28  
  136  9:57  Zergling x8  
  143  10:02  Zergling x4  
  133  10:08  Corruptor x3  
  133  10:09  Corruptor  
  141  10:14  Drone x6  
  141  10:17  Corruptor  
  149  10:23  Baneling x3  
  149  10:24  Baneling  
  149  10:26  Drone  
  149  10:28  Extractor  
  149  10:34  Drone x2  
  152  10:35  Zergling x8  
  152  10:36  Zergling x10  
  152  10:48  Brood Lord x4  
  156  10:53  Brood Lord  
  158  10:59  Corruptor  
  158  11:01  Drone x6  
  158  11:02  Corruptor  
  158  11:04  Spore Crawler  
  167  11:09  Corruptor  
  169  11:11  Corruptor  
  169  11:13  Drone x6  
  169  11:17  Corruptor  
  179  11:20  Baneling  
  179  11:21  Baneling x2  
  179  11:26  Extractor, Queen x2  
  179  11:27  Extractor  
  179  11:30  Overlord  
  179  11:31  Overlord  
  180  11:41  Baneling x10  
  180  11:43  Overlord  
  180  11:51  Brood Lord  
  180  11:54  Zergling x2, Baneling x8  
  182  11:55  Zergling x28  
  188  12:04  Zergling x2, Roach  
  188  12:05  Zergling x12, Queen  
  183  12:09  Brood Lord x2  
  183  12:10  Brood Lord  
  178  12:20  Zergling x12  
  177  12:23  Brood Lord  
  177  12:29  Drone x7  
  178  12:33  Ravager x3  
  173  12:41  Spawning Pool, Corruptor  
  172  12:46  Drone x5  
Show
View Real Time Build Order
Export as new Build Order

Harstem Protoss 

Build Orders: 1 Gate Expand, Oracle Opening, Zealot Archon 

Get SALT Encoding   

  12  0:00  Probe  
  13  0:12  Probe  
  14  0:18  Pylon  
  14  0:24  Probe  
  15  0:28  Assimilator  
  15  0:32  Probe  
  15  0:40  Probe  
  16  0:47  Gateway  
  17  0:51  Probe  
  18  1:03  Probe  
  19  1:15  Probe  
  20  1:23  Nexus  
  20  1:33  Cybernetics Core  
  20  1:35  Probe  
  21  1:44  Assimilator  
  21  1:47  Probe  
  21  1:50  Pylon  
  22  2:00  Adept, Probe  
  23  2:08  Probe  
  23  2:14  Stargate  
  26  2:16  Probe  
  27  2:22  Stalker  
  27  2:27  Probe  
  28  2:34  Warp Gate  
  28  2:35  Probe  
  31  2:39  Probe  
  32  2:47  Probe  
  34  2:51  Oracle, Probe  
  37  2:59  Probe  
  37  3:03  Probe  
  39  3:11  Probe  
  40  3:15  Probe, Gateway  
  41  3:21  Oracle  
  41  3:23  Probe  
  42  3:27  Probe  
  42  3:30  Pylon  
  46  3:46  Pylon  
  46  3:47  Assimilator  
  46  3:48  Probe x2  
  48  3:50  Oracle  
  48  3:59  Assimilator  
  48  4:00  Probe x2  
  53  4:12  Pylon, Probe x2  
  55  4:17  Pylon  
  55  4:19  Phoenix  
  55  4:23  Adept  
  57  4:24  Probe x2  
  57  4:27  Pylon  
  61  4:35  Forge  
  61  4:36  Probe x2, Twilight Council  
  63  4:43  Nexus  
  63  4:48  Probe  
  63  4:51  Probe  
  64  4:53  Pylon  
  64  4:59  Probe  
  65  5:00  Sentry x2, Probe  
  65  5:01  Robotics Facility  
  70  5:08  Probe, Protoss Ground Weapons Level 1  
  70  5:12  Probe  
  68  5:18  Probe  
  66  5:23  Sentry  
  66  5:24  Zealot  
  66  5:25  Probe  
  66  5:26  Probe  
  66  5:28  Charge  
  71  5:33  Gateway  
  71  5:34  Probe, Gateway  
  72  5:37  Probe  
  74  5:46  Probe  
  74  5:49  Probe  
  73  5:50  Immortal  
  73  5:55  Gateway  
  73  5:56  Gateway  
  78  5:58  Probe  
  78  6:02  Gateway  
  78  6:03  Probe x2  
  80  6:04  Gateway  
  80  6:09  Assimilator  
  81  6:11  Assimilator  
  81  6:15  Probe  
  81  6:16  Pylon, Templar Archives  
  81  6:17  Probe  
  82  6:19  Probe  
  83  6:26  Pylon  
  83  6:27  Probe  
  83  6:29  Probe  
  85  6:35  Immortal  
  85  6:36  Probe  
  85  6:39  Probe  
  91  6:41  Zealot  
  91  6:46  Probe  
  94  6:51  Psionic Storm, Zealot x2  
  94  6:53  Sentry  
  100  7:03  High Templar x3  
  100  7:05  Pylon  
  100  7:06  Warp Prism  
  106  7:14  High Templar  
  110  7:16  Pylon  
  110  7:17  Pylon  
  110  7:19  High Templar  
  110  7:21  Probe  
  113  7:26  Probe  
  113  7:27  Protoss Ground Weapons Level 2, Nexus  
  114  7:30  Pylon  
  114  7:35  Photon Cannon  
  114  7:37  Zealot x4  
  114  7:39  Gateway  
  114  7:41  Gateway  
  114  7:43  Phoenix  
  123  7:45  Stalker x2  
  123  7:47  Probe  
  123  7:48  Stalker  
  125  7:52  Probe x2  
  125  7:55  Stalker, Probe  
  124  7:59  Archon x2  
  124  8:02  Stalker x2, Probe  
  124  8:03  Probe  
  124  8:05  Probe  
  125  8:10  Probe  
  125  8:11  Probe  
  120  8:15  High Templar, Phoenix  
  120  8:17  Probe  
  120  8:19  Probe  
  125  8:20  Probe  
  127  8:29  Probe  
  127  8:31  Phoenix  
  127  8:32  High Templar, Probe x2  
  131  8:41  Probe  
  131  8:42  Assimilator  
  131  8:43  Probe  
  131  8:44  Probe  
  131  8:45  Probe  
  131  8:47  Assimilator, Photon Cannon  
  133  8:53  Probe  
  134  9:00  Probe  
  134  9:02  Zealot x7  
  147  9:06  High Templar x3  
  138  9:13  Probe  
  131  9:23  Probe x4  
  113  9:26  High Templar x2  
  113  9:27  Zealot x3  
  113  9:29  Archon  
  113  9:31  Probe x3  
  124  9:34  Protoss Ground Weapons Level 3  
  124  9:35  Probe  
  124  9:38  Archon  
  128  9:39  Probe  
  128  9:41  High Templar  
  128  9:42  High Templar  
  131  9:47  Archon  
  131  9:50  Archon  
  131  9:52  Probe  
  122  9:57  Zealot x6  
  127  10:01  Archon, Zealot x2  
  127  10:02  Probe  
  127  10:04  Probe x2  
  130  10:11  Probe  
  130  10:12  Probe  
  131  10:14  High Templar x2, Probe  
  131  10:19  Pylon, High Templar  
  139  10:26  High Templar  
  141  10:29  Zealot x2, Photon Cannon  
  141  10:33  Zealot x3  
  147  10:47  Zealot  
  147  10:48  Zealot x2  
  147  10:49  Probe  
  134  10:53  Probe x2  
  134  10:56  Warp Prism  
  137  10:58  Probe  
  137  11:02  Photon Cannon  
  137  11:03  Photon Cannon  
  138  11:07  Photon Cannon  
  138  11:08  High Templar x4  
  138  11:09  High Templar  
  138  11:10  High Templar  
  152  11:12  Archon  
  152  11:13  Archon  
  152  11:14  Archon  
  152  11:15  Probe  
  152  11:16  Probe  
  152  11:17  Photon Cannon  
  152  11:19  Shield Battery, Gateway  
  152  11:20  Pylon  
  152  11:25  High Templar x2  
  154  11:26  Zealot x2  
  158  11:36  Archon, Probe  
  158  11:38  Probe  
  158  11:39  Gateway  
  160  11:41  Gateway  
  160  11:44  High Templar x2, Zealot x3  
  170  11:51  Archon  
  170  11:55  Zealot  
  170  11:57  Zealot  
  170  11:59  Pylon  
  172  12:05  Zealot  
  172  12:09  Probe  
  172  12:13  Zealot  
  172  12:14  Zealot  
  171  12:21  Zealot x9  
  175  12:29  Probe  
  160  12:31  Fleet Beacon  
  160  12:32  Stargate  
  140  12:37  Stargate  
  140  12:38  High Templar x3  
  140  12:39  High Templar  
  140  12:43  Probe  
  131  12:59  Zealot x9  
Tags
 
Add a new tag
Caveats
  • Supply blocks, unpowered buildings, or Contaminate may cause inaccurate times.
  • Supply counts are checked every 10 seconds.